 Dungeon Crawl Stone Soup version 0.7.1-13-g0611d64 character file.

10959301 BirdoPrey the Merfolkian Porcupine (level 27, 193/282 (287) HPs)
             Began as a Merfolk Crusader on Aug 2, 2010.
             Was a High Priest of Jiyva.
             Escaped with the Orb
             ... and 15 runes (of 15 types)!
             The game lasted 08:17:40 (148412 turns).

BirdoPrey the Merfolkian Porcupine (MfCr)         Turns: 148412, Time: 08:17:40

HP 193/282 (287) AC 18     Str 18 Exp: 27/2427946 (1341)
MP  37/41        EV 31     Int 20      God: Jiyva [*****.]
Gold 9716        SH 36     Dex 16      Spells:  8 memorised, 23 levels left

Res.Fire  : + . .   See Invis. : .   a - +9,+8 Blessed Trishula
Res.Cold  : + + +   Warding    : .   I - +8 orc robe {rC+ rF+}
Life Prot.: . . .   Conserve   : +   y - +3 shield of the Beekeeper {rC+ Str+2 Dam+
Res.Poison: .       Res.Corr.  : +   (helmet restricted)
Res.Elec. : .       Clarity    : .   A - +2 dwarf cloak {MR} Spirit.Shd: . Stasis : .
                                     S - +1 pair of gloves "Stryleutt" {rC+ Str+1 D
Sust.Abil.: . .     Rnd.Telep. : .   n - +2 pair of elf boots {run}
Res.Mut.  : +       Ctrl.Telep.: +   M - amulet of resist mutation
Res.Rott. : .       Levitation : .   h - ring of regeneration
Saprovore : . . .   Ctrl.Flight: .   T - ring of teleport control

@: very slightly glowing, very quick, hasted, very resistant to hostile
enchantments, very stealthy
A: change form in water, antennae 1, Dex -1
a: Request Jelly, Slimify, Cure Bad Mutation, Renounce Religion


You escaped.
You worshipped Jiyva.
Jiyva was extremely pleased with you.
You were not hungry.

You visited 17 branches of the dungeon, and saw 113 of its levels.
You visited Pandemonium 2 times, and saw 22 of its levels.
You visited the Abyss 2 times.
You visited 1 Labyrinth.
You visited 4 bazaars.
You visited 3 portal chambers: bailey, trove, wizlab.

You collected 14557 gold pieces.
You spent 4631 gold pieces at shops.
You used 230 gold pieces for miscellaneous purposes.

Inventory:

Hand weapons
 a - a +9,+8 Blessed Trishula (weapon)
 k - a +0,+0 knife
Missiles
 B - 7 +1 javelins of penetration (quivered)
Armour
 n - a +2 pair of elven boots of running (worn)
 y - the +3 shield of the Beekeeper (worn) {rC+ Str+2 Dam+1}
   (You acquired it on level 6 of the Pits of Slime)

   It affects your strength (+2).
   It affects your damage-dealing abilities (+1).
   It protects you from cold.
 A - a +2 dwarven cloak of magic resistance (worn)
 I - a +8 orcish robe of resistance (worn)
 S - the +1 pair of gloves "Stryleutt" (worn) {rC+ Str+1 Dex+2}
   (You bought it in a shop on level 14 of the Dungeon)

   It affects your strength (+1).
   It affects your dexterity (+2).
   It protects you from cold.
Magical devices
 b - a wand of cold (8)
 e - a wand of teleportation (5)
 q - a wand of hasting (3)
 K - a wand of teleportation (7)
Comestibles
 w - 6 honeycombs
Scrolls
 U - 3 scrolls of remove curse
 Z - a scroll of fog
Jewellery
 f - an uncursed ring of protection from fire
 h - a ring of regeneration (right hand)
 l - the ring "Smal" {unknown}
   (You found it on level 6 of the Pits of Slime)

   [ring of teleport control]

   It affects your AC (-1).
   It affects your evasion (+7).
   It affects your accuracy (-3).
   It affects your damage-dealing abilities (+3).
   It makes you vulnerable to fire.
   It protects you from negative energy.
 o - the amulet of Qudeneuk {Ward +Inv rC+ Acc+2}
   (You found it on level 5 of the Crypt)

   [amulet of warding]

   It affects your accuracy (+2).
   It protects you from cold.
   It lets you turn invisible.
 p - the ring "Foagogac" {rPois rN+ MR AC+6 Stlth+}
   (You found it on level 7 of the Iron City of Dis)

   [ring of poison resistance]

   It affects your AC (+6).
   It protects you from negative energy.
   It increases your resistance to enchantments.
   It makes you more stealthy.
 s - an uncursed amulet of warding
 u - an uncursed ring of sustain abilities
 v - an uncursed amulet of the gourmand
 D - the ring "Ghytric" {SustAb rN+ Int+2}
   (You found it on level 3 of the Tomb of the Ancients)

   [ring of sustain abilities]

   It affects your intelligence (+2).
   It protects you from negative energy.
 J - the ring of Shaolin {EV+8}
   (You found it on level 3 of the Tomb of the Ancients)

   [ring of evasion]

   It affects your evasion (+8).
 M - an amulet of resist mutation (around neck)
 N - the amulet "Baigast" {Stasis Hunger+ rElec Stlth++}
   (You found it on level 5 of the Crypt)

   [amulet of stasis]

   It insulates you from electricity.
   It greatly speeds your metabolism.
   It makes you much more stealthy.
 R - an uncursed ring of wizardry
 T - a ring of teleport control (left hand)
Potions
 x - 2 potions of healing
 E - 2 potions of restore abilities
 H - 2 potions of heal wounds
 P - a potion of levitation
Books
 m - a book of Wizardry

   Spells                             Type                      Level
   Selective Amnesia                  Enchantment                  4
   Summon Elemental                   Summoning                    4
   Teleport Self                      Translocation                5
   Fireball                           Conjuration/Fire             6
   *Haste                             Enchantment                  6
 r - a manual of Enchantments
 C - a book of Summonings

   Spells                             Type                      Level
   *Abjuration                        Summoning                    3
   Recall                             Summoning/Translocation      3
   Shadow Creatures                   Summoning                    5
   Summon Ugly Thing                  Summoning                    6
   Haunt                              Necromancy/Summoning         7
   Summon Horrible Things             Summoning                    8
Orbs of Power
 X - the Orb of Zot
Miscellaneous
 c - an abyssal rune of Zot
 d - a barnacled rune of Zot
 g - a bone rune of Zot
 i - a slimy rune of Zot
 j - a dark rune of Zot
 t - a decaying rune of Zot
 z - a demonic rune of Zot
 F - a fiery rune of Zot
 G - a glowing rune of Zot
 L - a golden rune of Zot
 O - an icy rune of Zot
 Q - an iron rune of Zot
 V - a magical rune of Zot
 W - an obsidian rune of Zot
 Y - a silver rune of Zot You had 1341 experience left.


   Skills:
 * Level 27 Fighting
 - Level 2 Short Blades
 * Level 27 Polearms
 - Level 2 Throwing
 - Level 1 Armour
 * Level 27 Dodging
 - Level 7 Stealth
 - Level 5 Stabbing
 + Level 22 Shields
 + Level 10 Traps & Doors
 + Level 13 Unarmed Combat
 + Level 13 Spellcasting
 + Level 18 Enchantments
 + Level 3 Summonings
 + Level 5 Translocations
 - Level 1 Fire Magic
 - Level 4 Ice Magic
 - Level 8 Air Magic
 + Level 8 Invocations
 + Level 2 Evocations


You had 23 spell levels left.
You knew the following spells:

 Your Spells              Type           Power        Success   Level
e - Blink                 Tloc           N/A          Excellent   2
f - Flight                Air/Ench       #######...   Excellent   4
m - Deflect Missiles      Air/Ench       #######...   Excellent   6
q - Swiftness             Air/Ench       #######...   Excellent   2
A - Abjuration            Summ           ####......   Great       3
H - Haste                 Ench           #######..    Excellent   6
P - Apportation           Tloc           #####.....   Excellent   1
S - Silence               Air/Ench       #######...   Excellent   5

Dungeon Overview and Level Annotations

Branches:
Dungeon (27/27)            Temple (1/1) D:7             Orc (4/4) D:7
    Elf (7/7) Orc:4          Lair (8/8) D:8           Swamp (5/5) Lair:2
 Shoals (5/5) Lair:4        Slime (6/6) Lair:8         Hive (0/2) D:15
  Vault (8/8) D:17          Blade (0/1) Vault:4       Crypt (5/5) Vault:4
   Tomb (3/3) Crypt:3         Dis (7/7) Hell            Geh (7/7) Hell
    Coc (7/7) Hell            Tar (7/7) Hell            Zot (5/5) D:27

Altars:
Cheibriados
Elyvilon
Fedhas
Kikubaaqudgha
Makhleb
Nemelex Xobeh
Okawaru
Sif Muna
The Shining One
Trog
Vehumet
Xom
Yredelemnul
Zin
Jiyva

Shops:
D:7: [ D:8: ? D:10: ( D:14: [ D:17: [ D:19: ! D:20: ( D:21: *[ D:24: ( Orc:1: ( Orc:3: (*[(( Elf:2: ( Elf:6: [ Shoals:1: ! Shoals:5: * Vault:2: * Vault:4: ( Vault:8: [!

Portals:
Hell: D:21 D:22 D:23 D:24 D:25 D:26 D:27
Abyss: D:23 D:25 D:26
Pan: D:21 D:24 D:25 D:26 D:27
Bazaar: Elf:5

Annotations
Elf:4 exclusion: 36 flame clouds
Elf:6 exclusion: door
Lair:2 exclusion: ice statue
Lair:8 exclusion: oklob plant
Swamp:5 exclusion: 124 freezing vapour clouds
Vault:7 exclusion: 3 flame clouds
Geh:1 exclusion: 7 flame clouds
Coc:7 exclusion: 2 ice statues


Innate Abilities, Weirdness & Mutations

You revert to your normal form in water.
You have a pair of small antennae on your head.
You are clumsy (Dex -1).


Message History

You kill the jackal!
There is a dry fountain here.
You found a trap!
There is an open door here.
There is a stone staircase leading up here.
Are you sure you want to leave the Dungeon?
You have escaped!

#..h..#.##########.######
#########...##.# #......#
%.......##'##..##########......#
................................
...............................#
######.###.#####################
######.###..##...##
............#.....##############
######.^..}.'..@..#............>
#.###..#.....#.############ #.#
#..##...##.# #.# #...#####..#
#.###.#..##...#############
#####..........................
#......##'##.##.###########.###
#.....##...####.# #.#
#.....#.....# #.# #.#


There were no monsters in sight!

Vanquished Creatures
  Asmodeus (Geh:7)
  Cerebov (Pan)
  Gloorx Vloq (Pan)
  Ereshkigal (Tar:7)
  Dispater (Dis:7)
  Khufu (Crypt:4)
  Mnoleg (Pan)
  3 orbs of fire
  Lom Lobon (Pan)
  A Serpent of Hell (Geh:7)
  2 ancient liches (Crypt:5)
  Saint Roka (D:26)
  Boris (twice) (Crypt:4 Vault:6)
  3 curse toes
  13 greater mummies
  A Killer Klown (Zot:5)
  Mara (Vault:4)
  Margery (Vault:6)
  Geryon (Hell)
  4 demon lords (Pan)
  3 electric golems
  Frederick (Crypt:1)
  20 Orb Guardians (Zot:5)
  2 golden dragons
  3 titans (Vault:8)
  2 curse skulls
  A quicksilver dragon (Vault:8)
  A hellephant (Abyss)
  2 deep elf blademasters (Elf:7)
  16 Fiends
  21 shadow dragons
  Kirke (Swamp:4)
  A storm dragon (shapeshifter) (Vault:8)
  7 sphinxes
  Agnes (Elf:4)
  Rupert (Lair:7)
  8 storm dragons
  A kraken (Shoals:3)
  Frances (Vault:6)
  10 Shadow Fiends
  A sphinx (shapeshifter) (Vault:8)
  19 Ice Fiends
  13 Balrugs
  4 liches
  Roxanne (Swamp:5)
  Francis (Crypt:2)
  Aizul (Elf:5)
  Ilsuiw (Shoals:5)
  Donald (Swamp:1)
  2 draconian knights (Zot:3)
  11 frost giants
  10 bone dragons
  7 iron dragons
  Louise (Elf:3)
  10 fire giants
  4 draconian zealots
  7 tentacled monstrosities
  Maud (Lair:6)
  14 Executioners
  3 azure jellies
  2 draconian shifters
  2 draconian scorchers
  2 draconian annihilators (Zot:3)
  3 Pit Fiends
  9 Green Deaths
  49 stone giants
  A draconian caller (Zot:5)
  7 dragons
  Wayne (Elf:6)
  9 deep elf annihilators
  Jozef (Lair:4)
  2 green draconians (Zot:3)
  9 deep elf sorcerers
  3 yellow draconians
  5 pale draconians
  9 Blue Deaths (Pan)
  8 deep elf death magi
  Azrael (D:19)
  2 black draconians
  3 red draconians
  4 white draconians
  4 mottled draconians
  2 great orbs of eyes
  3 deep elf master archers (Elf:7)
  The ghost of Pushpabon the Cleaver, a powerful MDBe of Trog (Hell)
  Snorg (D:18)
  A storm dragon zombie (D:26)
  24 vault guards (Vault:8)
  A minotaur (Lab)
  59 yaktaur captains
  2 vampire knights
  8 Cacodemons
  2 death cobs
  2 sirens (Shoals:5)
  Erica (D:12)
  13 mummy priests
  A minotaur (shapeshifter) (Vault:8)
  14 death oozes
  Josephine (D:16)
  A salamander (Geh:7)
  A storm dragon skeleton (D:20)
  9 ogre magi
  3 merfolk aquamancers (Shoals:5)
  Harold (Shoals:2)
  12 ice dragons
  2 golden dragon zombies
  4 merfolk javelineers (Shoals:5)
  Polyphemus (Shoals:2)
  4 alligators
  8 deep elf demonologists
  4 shadow dragon zombies (Tar:2)
  22 hydras
  Nessos (Swamp:2)
  An alligator (shapeshifter) (D:25)
  4 merfolk impalers (Shoals:5)
  2 anaconda skeletons
  13 death yaks
  An iron dragon zombie (Dis:4)
  A fire giant zombie (Crypt:1)
  6 rakshasas
  2 deep elf high priests (Vault:5)
  8 hell hogs
  3 shadow dragon skeletons
  6 very ugly things
  A deep troll (shapeshifter) (Vault:7)
  5 stone giant zombies
  23 deep trolls
  19 soul eaters
  6 griffons
  An iron golem (Abyss)
  2 frost giant skeletons
  2 iron dragon skeletons
  37 deep elf knights
  3 fire giant skeletons
  A death drake (Abyss)
  13 stone giant skeletons
  16 centaur warriors
  5 hell knights (Vault:6)
  10 sun demons
  3 giant orange brains
  140 skeletal warriors
  A mottled draconian zombie (Crypt:1)
  A sea snake (shapeshifter) (D:24)
  6 unseen horrors
  Erolcha (D:13)
  31 large large abominations
  8 wizards
  7 iron trolls
  9 sea snakes
  41 ice devils
  11 hill giants
  6 purple draconian zombies
  3 dire elephant skeletons
  2 sea snake zombies
  A giant orange brain (shapeshifter) (D:27)
  2 naga warriors (Abyss)
  2 red draconian zombies
  A necromancer (Crypt:4)
  A death yak zombie (Tomb:3)
  2 swamp dragons
  2 ice statues
  An alligator snapping turtle skeleton (Pan)
  21 orc knights
  6 flayed ghosts
  A hill giant (shapeshifter) (D:19)
  2 orc sorcerers
  A red draconian skeleton (Geh:7)
  25 harpies
  A black draconian skeleton (Abyss)
  2 mottled draconian skeletons (Abyss)
  A yellow draconian skeleton (Abyss)
  A minotaur zombie (Geh:4)
  A white draconian skeleton (Crypt:5)
  2 iron troll zombies
  2 guardian serpents (shapeshifter)
  14 hellions
  4 elves (shapeshifter)
  2 death drake zombies
  2 green draconian skeletons
  Urug (D:10)
  6 giant amoebae
  2 purple draconian skeletons
  A siren zombie (Abyss)
  5 red wasps
  A cyclops (shapeshifter) (Vault:5)
  2 iron troll skeletons
  2 pale draconian skeletons
  9 spectral warriors
  13 flaming corpses
  3 harpy skeletons
  3 spiny worms
  12 moths of wrath
  A stone golem (Abyss)
  2 shadow dragon simulacra
  4 Lorocyprocas (Pan)
  A dragon zombie (D:15)
  5 mimics
  3 beasts
  4 red wasp zombies
  A moth of wrath (shapeshifter) (Vault:5)
  69 slime creatures
  12 ice dragon zombies
  11 cyclopes
  A trapdoor spider (D:16)
  24 reapers
  2 siren skeletons
  3 elephant slugs
  12 spiny frogs
  An eye of devastation (Abyss)
  A giant toad zombie (D:17)
  26 orange demons
  42 hellwings
  A wolf spider (D:17)
  2 death drake skeletons
  A black mamba zombie (Crypt:3)
  A black mamba (Lair:8)
  7 ice dragon skeletons
  A trapdoor spider (shapeshifter) (Vault:8)
  A yellow draconian simulacrum (Abyss)
  A slime creature (shapeshifter) (Vault:8)
  A black mamba skeleton (Geh:4)
  2 elf skeletons
  40 guardian mummies
  A giant toad skeleton (D:16)
  An alligator skeleton (Abyss)
  A queen ant zombie (Coc:7)
  12 rock trolls
  2 hill giant zombies
  A draconian (shapeshifter) (D:15)
  3 efreeti
  A spriggan zombie (Crypt:4)
  7 mermaids
  42 yaktaurs
  8 tormentors
  6 komodo dragons
  A hill giant skeleton (D:17)
  19 iron devils
  2 trolls (shapeshifter)
  A draconian zombie (Coc:7)
  76 ugly things
  2 deep troll zombies
  Sonja (Swamp:4)
  An ettin (D:17)
  A human zombie (Pan)
  2 giant snail zombies
  55 smoke demons
  3 redbacks
  20 hydra simulacra (Swamp:5)
  2 queen bees
  3 spriggans (shapeshifter)
  Grinder (D:7)
  2 rock troll zombies
  3 baby alligators
  A polar bear (Lair:4)
  5 rock troll skeletons
  A giant toad (shapeshifter) (Vault:8)
  A baby alligator (shapeshifter) (Vault:8)
  A baby alligator zombie (Crypt:1)
  23 two-headed ogres
  13 snapping turtles
  A baby alligator skeleton (Tar:7)
  19 giant toads
  A redback (shapeshifter) (Vault:8)
  8 sixfirhies
  7 deep troll skeletons
  A redback zombie (Tomb:1)
  11 trolls
  14 blink frogs
  A blink frog zombie (Tar:4)
  9 demonic crawlers (Pan)
  A draconian skeleton (Crypt:3)
  4 bumblebees (D:26)
  A red wasp simulacrum (D:20)
  21 blue devils
  A giant firefly (shapeshifter) (Vault:5)
  A swamp dragon zombie (Geh:4)
  31 small abominations
  12 metal gargoyles (Dis:7)
  30 wraiths
  2 hog zombies (Crypt:3)
  16 brown oozes
  3 shadow demons
  A swamp dragon skeleton (Crypt:4)
  34 yaks
  A viper zombie (Crypt:3)
  A wyvern (D:12)
  An elephant zombie (Crypt:3)
  3 fire elementals (D:19)
  12 vampires
  17 deep elf conjurers
  A fire drake zombie (Crypt:4)
  2 sharks
  A queen ant simulacrum (Crypt:5)
  Eustachio (D:10)
  16 giant blowflies
  4 clay golems
  28 ynoxinuls
  27 deep elf summoners
  A giant toad simulacrum (Vault:1)
  46 neqoxecs
  Grum (D:8)
  A steam dragon (shapeshifter) (D:24)
  4 giant blowfly zombies
  A hog skeleton (Geh:2)
  14 hippogriffs
  43 deep elf fighters
  A manticore (shapeshifter) (D:24)
  2 rock worms
  3 hungry ghosts
  A komodo dragon zombie (Tomb:1)
  5 war dogs
  9 water elementals
  12 manticores
  A giant slug (shapeshifter) (Vault:8)
  47 hell hounds
  5 molten gargoyles (Geh:7)
  2 fire drake skeletons
  3 mottled dragons
  7 hairy devils
  36 merfolk
  36 swamp worms
  3 giant slug zombies
  A soldier ant (D:15)
  2 viper skeletons
  A wyvern zombie (D:14)
  A cyclops zombie (Coc:4)
  A komodo dragon skeleton (Crypt:1)
  An orange crystal statue (D:19)
  A yaktaur skeleton (D:18)
  31 necrophages
  A cyclops skeleton (D:14)
  17 deep elf priests
  65 orc warriors
  10 red devils
  An ettin zombie (Crypt:1)
  4 giant goldfish zombies (Coc:7)
  2 rock worm zombies
  28 freezing wraiths
  2 black bears
  Duvessa (D:7)
  2 hippogriff zombies
  A manticore skeleton (Geh:7)
  15 insubstantial wisps
  A giant blowfly simulacrum (Vault:3)
  6 swamp drakes
  10 phantoms
  2 humans (Vault:7)
  A yellow wasp (shapeshifter) (D:24)
  2 shark zombies (Coc:3)
  2 yak zombies
  33 centaurs
  22 ice beasts
  A queen bee zombie (Tar:2)
  3 wolf zombies
  A yellow wasp (D:23)
  24 giant goldfish
  A grizzly bear zombie (Crypt:2)
  6 boring beetles
  2 giant goldfish skeletons (Coc:7)
  2 yak skeletons
  11 gila monsters
  A polar bear skeleton (Tomb:1)
  A lava worm (Tar:4)
  13 wargs
  64 ogres
  11 nagas (Abyss)
  2 bear skeletons
  3 ettin skeletons
  8 crocodiles
  21 rotting devils
  11 water moccasins
  12 giant leeches
  A two-headed ogre zombie (D:10)
  A yellow wasp zombie (Geh:6)
  30 deep elf magi
  5 giant slugs
  2 water moccasin zombies (Crypt:3)
  A wolf skeleton (Crypt:2)
  A black bear zombie (Crypt:3)
  4 wolves (Orc:2)
  14 big kobolds
  4 giant snails
  Blork the orc (D:5)
  26 giant frogs
  A water moccasin skeleton (Tomb:2)
  2 centaur skeletons
  A swamp worm simulacrum (Swamp:5)
  A two-headed ogre skeleton (Crypt:2)
  A black bear skeleton (Tomb:1)
  3 eyes of draining (Abyss)
  59 killer bees
  A giant frog (shapeshifter) (Vault:8)
  A giant leech zombie (Crypt:3)
  A lava fish (Geh:7)
  13 jellyfish
  4 boulder beetles
  18 electric eels
  2 killer bee zombies
  A brain worm zombie (Crypt:3)
  A gila monster zombie (Crypt:4)
  19 pulsating lumps (Port)
  2 pulsating lumps (shapeshifter) (Vault:8)
  2 giant goldfish simulacra (Swamp:5)
  26 wights
  2 dwarf zombies
  34 imps
  2 hound zombies
  Dowan (D:7)
  A gila monster skeleton (Crypt:5)
  5 big kobold skeletons
  4 big kobold zombies
  11 lava snakes
  25 orc priests
  35 iron imps
  A giant beetle (D:6)
  15 hounds
  2 human skeletons
  A mottled dragon skeleton (D:12)
  2 scorpions
  A soldier ant simulacrum (D:17)
  44 shadows
  18 big fish
  2 naga zombies
  13 giant ants
  An orange rat zombie (Crypt:3)
  28 orc wizards
  52 deep elf soldiers
  8 iguanas
  11 orange rats
  3 giant ant zombies
  A big fish zombie (Coc:4)
  A steam dragon zombie (Geh:7)
  24 sheep
  14 elf zombies
  2 worm zombies
  Ijyb (D:4)
  16 boggarts
  3 fire vortices (Pan)
  26 jellies
  10 mummies
  A swamp drake simulacrum (Tomb:3)
  A big fish simulacrum (Coc:3)
  An iguana zombie (D:8)
  24 snakes
  76 flying skulls
  A giant centipede (shapeshifter) (Vault:8)
  A giant centipede zombie (D:15)
  62 green rats
  50 lemures
  A scorpion zombie (D:8)
  22 shadow imps
  3 giant centipedes
  2 snake skeletons
  A snake zombie (Crypt:2)
  41 midges
  49 white imps
  31 giant mosquitos
  7 worms
  5 electric eel simulacra (Swamp:5)
  124 ufetubi
  65 grey rats
  A giant bat skeleton (Coc:4)
  A giant bat zombie (D:5)
  5 giant eyeballs
  A giant mite zombie (Coc:5)
  4 gnoll zombies
  6 giant geckos
  3 gnoll skeletons
  16 oozes
  70 giant bats
  7 giant cockroaches
  18 goblins
  22 hobgoblins
  24 jackals
  196 orcs
  14 quokkas
  A giant cockroach zombie (Crypt:2)
  2 giant gecko skeletons
  A giant gecko zombie (Crypt:3)
  A giant mosquito zombie (Crypt:3)
  8 giant newts
  2 giant newt zombies
  A goblin skeleton (Dis:5)
  2 goblin zombies
  A grey rat zombie (Crypt:3)
  2 hobgoblin zombies
  13 illusory rakshasas
  14 killer bee larvae
  34 kobolds
  A kobold skeleton (Tar:7)
  2 kobold zombies
  6 orc skeletons
  5 orc zombies
  A quokka skeleton (Crypt:5)
  A quokka zombie (Crypt:3)
  38 rats
  A rat skeleton (D:6)
  2 small snakes
  4 ballistomycetes (D:15)
  A bush (Lair:7)
  3 fungi
  11 plants
  79 toadstools
4786 creatures vanquished.

Vanquished Creatures (collateral kills)
  10 greater mummies
  13 mummy priests
  2 soul eaters
  A shadow wraith (Tomb:1)
  A flayed ghost (Tomb:1)
  2 flaming corpses
  A red wasp zombie (Tomb:1)
  A spectral warrior (Tomb:1)
  4 reapers
  2 orange demons
  A hellwing (Tomb:1)
  56 guardian mummies
  3 smoke demons
  A baby alligator skeleton (Tomb:1)
  A snapping turtle skeleton (Tomb:3)
  2 vampires (Tomb:1)
  A hungry ghost (Tomb:3)
  2 necrophages
  A ghoul (Tomb:3)
  A grizzly bear zombie (Tomb:2)
  A freezing wraith (Tomb:1)
  A war dog skeleton (Tomb:1)
  A black bear skeleton (Tomb:3)
  A warg skeleton (Tomb:3)
  A brain worm zombie (Tomb:3)
  6 shadows
  A crocodile zombie (Tomb:1)
  An iron imp (Tomb:3)
  A hound skeleton (Tomb:1)
  2 orange rats (Tomb:1)
  7 flying skulls
  15 mummies
  2 green rats (Tomb:1)
  4 midges (Tomb:3)
  A white imp (Tomb:3)
  9 ufetubi (Tomb:3)
  4 giant bats (Tomb:1)
164 creatures vanquished.

Vanquished Creatures (others)
  5 acid blobs (Slime:6)
  7 Daevas
  2 azure jellies (Slime:6)
  3 Angels
  A fire giant (D:26)
  A stone giant (Vault:8)
  4 death oozes (Slime:6)
  A skeletal warrior (Vault:2)
  A deep elf knight (Elf:4)
  A sea snake (Slime:5)
  3 giant amoebae
  A red wasp (Swamp:5)
  5 shining eyes
  47 slime creatures
  A yaktaur (D:23)
  A guardian serpent skeleton (Geh:7)
  An eye of devastation (Slime:5)
  7 brown oozes
  2 deep elf conjurers (Elf:4)
  A yak (D:15)
  6 humans (Swamp:4)
  A deep elf fighter (Elf:4)
  2 giant blowflies (Swamp:4)
  A neqoxec (Elf:2)
  A necrophage (Geh:7)
  A swamp worm (Swamp:5)
  A deep elf mage (Elf:7)
  An ogre (D:26)
  A giant frog (Swamp:4)
  A big kobold (D:7)
  An eye of draining (Slime:5)
  A pulsating lump (Slime:6)
  An electric eel (Swamp:4)
  A human skeleton (Coc:7)
  A big fish (Swamp:4)
  A hound (D:12)
  2 deep elf soldiers
  An elf zombie (Elf:7)
  12 jellies
  2 boggarts (Vault:2)
  10 mummies
  A flying skull (Coc:7)
  3 lemures
  An elf skeleton (Tomb:1)
  A white imp (Coc:7)
  8 ufetubi
  3 grey rats
  A giant eyeball (Slime:4)
  A giant bat (D:20)
  A jackal (Lair:3)
  An orc (Port)
  A giant spore (D:15)
  A kobold (D:18)
  An orc skeleton (Tomb:1)
  2 rats
  23 fungi
  20 plants
  6 tentacles (Shoals:3)
  616 toadstools
835 creatures vanquished.

Grand Total: 5785 creatures vanquished

Notes
Turn   | Place    | Note
--------------------------------------------------------------
     0 | D:1      | BirdoPrey, the Merfolk Crusader, began the quest for the Orb.
     0 | D:1      | Reached XP level 1. HP: 14/14 MP: 1/1
   347 | D:1      | Reached XP level 2. HP: 19/21 MP: 2/3
   351 | D:1      | Learned a level 2 spell: Freezing Aura
  1093 | D:2      | Reached skill 1 in Armour
  1317 | D:2      | Reached XP level 3. HP: 21/27 MP: 2/4
  2057 | D:3      | Reached skill 1 in Ice Magic
  2082 | D:3      | Learned a level 3 spell: Berserker Rage
  2629 | D:3      | Reached XP level 4. HP: 34/34 MP: 5/6
  2644 | D:3      | Learned a level 2 spell: Repel Missiles
  3456 | D:4      | Noticed Ijyb
  3463 | D:4      | Reached skill 4 in Fighting
  3466 | D:4      | Defeated Ijyb
  3616 | D:5      | Entered Level 5 of the Dungeon
  3632 | D:5      | Reached XP level 5. HP: 28/43 MP: 5/7
  3926 | D:5      | Noticed Blork the orc
  3937 | D:5      | Defeated Blork the orc
  3937 | D:5      | Reached XP level 6. HP: 39/48 MP: 1/9
  4205 | D:5      | Learned a level 2 spell: Fire Brand
  4741 | D:6      | Reached XP level 7. HP: 56/56 MP: 2/10
  5237 | D:6      | Reached skill 1 in Stealth
  5247 | D:6      | Reached skill 5 in Fighting
  5295 | D:6      | Reached skill 1 in Throwing
  5469 | D:6      | Reached skill 5 in Enchantments
  5631 | D:7      | Noticed Grinder
  5646 | D:7      | Defeated Grinder
  5646 | D:7      | Reached XP level 8. HP: 51/65 MP: 10/12
  5750 | D:7      | Reached skill 1 in Traps & Doors
  5768 | D:7      | Reached skill 5 in Polearms
  5828 | D:7      | Noticed Dowan
  5882 | D:7      | Reached skill 5 in Dodging
  6132 | D:7      | Found a staircase to the Orcish Mines.
  6283 | D:7      | Found Psoudwew's Antique Armour Emporium.
  6300 | D:7      | Reached skill 6 in Dodging
  6660 | D:7      | Bought a pair of embroidered boots for 55 gold pieces
  6671 | D:7      | Found a staircase to the Ecumenical Temple.
  6673 | D:7      | Found a sparkling altar of Nemelex Xobeh.
  6683 | Temple   | Entered the Ecumenical Temple
  6759 | Temple   | Became a worshipper of The Shining One
  6929 | D:7      | Reached skill 7 in Dodging
  6934 | D:7      | Defeated Dowan
  6968 | D:7      | Noticed Duvessa
  6977 | D:7      | Defeated Duvessa
  7100 | D:8      | Found Shriyreca's Magic Scroll Boutique.
  7203 | D:8      | Reached XP level 9. HP: 62/73 MP: 10/15
  7220 | D:8      | Noticed Grum
  7259 | D:8      | Defeated Grum
  7476 | D:7      | Bought an ichor-stained robe for 210 gold pieces
  7482 | D:7      | Identified the cursed +0 robe "Wasy" (You bought it in a shop on level 7 of the Dungeon)
  7613 | D:8      | Found a staircase to the Lair.
  7757 | D:8      | Reached skill 8 in Dodging
  8049 | D:8      | Reached skill 9 in Dodging
  8102 | D:8      | Acquired The Shining One's first power
  8463 | Lair:1   | Entered Level 1 of the Lair of Beasts
  8640 | Lair:1   | Found a glowing golden altar of the Shining One.
  9052 | Lair:1   | Reached XP level 10. HP: 80/83 MP: 16/17
  9308 | Lair:2   | Found a staircase to the Swamp.
 10310 | Lair:3   | Gained mutation: You are partially covered in colorless scales (AC +1).
 10310 | Lair:3   | Gained mutation: You digest meat inefficiently.
 11311 | Lair:3   | Reached skill 10 in Polearms
 11337 | Lair:3   | Reached XP level 11. HP: 24/95 MP: 19/20
 11714 | Lair:3   | Reached skill 10 in Dodging
 12721 | Lair:3   | Reached skill 1 in Stabbing
 13182 | Lair:4   | Noticed Jozef
 13205 | Lair:4   | Reached skill 11 in Polearms
 13206 | Lair:4   | Defeated Jozef
 13392 | Lair:4   | Found a staircase to the Shoals.
 13511 | Lair:4   | Reached skill 10 in Fighting
 13976 | Lair:4   | Acquired The Shining One's second power
 15842 | Lair:5   | Reached skill 12 in Polearms
 15860 | Lair:5   | Reached XP level 12. HP: 78/105 MP: 20/21
 16799 | Lair:5   | Got a brightly glowing scimitar
 16800 | Lair:5   | Identified the cursed scimitar of Invincibility {flame, rPois rF++ MR Int+2} (You found it on level 5 of the Lair of Beasts)
 17063 | Lair:5   | Lost mutation: You digest meat inefficiently.
 17063 | Lair:5   | Lost mutation: You are partially covered in colorless scales (AC +1).
 17513 | Lair:6   | Reached skill 5 in Spellcasting
 18032 | Lair:6   | Reached skill 13 in Polearms
 18542 | Lair:7   | Reached skill 10 in Enchantments
 19111 | Lair:7   | Reached skill 1 in Unarmed Combat
 19137 | Lair:7   | Noticed Maud
 19138 | Lair:7   | Noticed Rupert
 19194 | Lair:7   | Defeated Rupert
 19455 | Lair:6   | Reached skill 5 in Stealth
 19476 | Lair:6   | Defeated Maud
 19527 | Lair:6   | Reached XP level 13. HP: 56/117 MP: 19/23
 20367 | Lair:7   | Reached skill 14 in Polearms
 20452 | Lair:8   | Entered Level 8 of the Lair of Beasts
 21562 | Lair:8   | Found a staircase to the Slime Pits.
 22672 | Lair:8   | Noticed a rock worm
 22692 | Lair:8   | Defeated a rock worm
 22790 | Lair:8   | Noticed a spiny worm
 22838 | Lair:8   | Defeated a spiny worm
 23084 | Lair:1   | Learned a level 6 spell: Haste
 23090 | Lair:1   | Learned a level 5 spell: Silence
 23229 | D:9      | Found a snail-covered altar of Cheibriados.
 23574 | D:10     | Entered Level 10 of the Dungeon
 23575 | D:10     | Noticed Urug
 23608 | D:10     | Defeated Urug
 23747 | D:10     | Noticed Eustachio
 23758 | D:10     | Defeated Eustachio
 24102 | D:10     | Reached XP level 14. HP: 130/130 MP: 24/26
 24197 | D:10     | Noticed an ogre mage
 24212 | D:10     | Defeated an ogre mage
 24620 | D:10     | Found a flagged portal.
 24621 | D:10     | Found Qiyguall's Weapon Shoppe. 24649
                  | bailey
                  | Entered the bailey 25064
                  | bailey
                  | Found a roughly hewn altar of Beogh. 25068
                  | bailey
                  | Reached skill 15 in Polearms 25117
                  | bailey
                  | Identified 2 scrolls of acquirement 25118
                  | bailey
                  | Got a faintly glowing ring mail 25127
                  | bailey
                  | Identified the +0 ring mail "Hieshayh" (You acquired it in the bailey)
 25678 | D:10     | Acquired The Shining One's third power
 25807 | Swamp:1  | Entered Level 1 of the Swamp
 25968 | Swamp:1  | Reached skill 5 in Traps & Doors
 26114 | Swamp:1  | Noticed Donald
 26141 | Swamp:1  | Defeated Donald
 26885 | Swamp:1  | Found a burning altar of Makhleb.
 27830 | Swamp:1  | Reached skill 1 in Shields
 28855 | Swamp:2  | Gained mutation: Your mind is acute (Int +1).
 29309 | Swamp:2  | Noticed Nessos
 29316 | Swamp:2  | Was placed under penance by The Shining One
 29333 | Swamp:2  | Reached skill 1 in Short Blades
 29336 | Swamp:2  | Defeated Nessos
 31511 | Swamp:2  | Reached XP level 15. HP: 107/137 MP: 25/27
 31955 | Swamp:4  | Noticed Kirke
 31982 | Swamp:4  | Defeated Kirke
 32552 | Swamp:4  | Reached skill 1 in Evocations
 32895 | Swamp:4  | Noticed Sonja
 32897 | Swamp:4  | Defeated Sonja
 33462 | Swamp:5  | Entered Level 5 of the Swamp
 34120 | Swamp:5  | Reached skill 15 in Fighting
 34581 | Swamp:5  | Was forgiven by The Shining One
 35590 | Swamp:5  | Noticed Roxanne
 35703 | Swamp:5  | Defeated Roxanne
 35716 | Swamp:5  | Got a conspicuous book
 35719 | Swamp:5  | Identified Roxanne's Handbook of Moulding and Earth (You took it off Roxanne on level 5 of the Swamp)
 36837 | Swamp:5  | Reached skill 1 in Fire Magic
 37274 | Swamp:5  | Acquired The Shining One's fourth power
 37809 | Swamp:5  | Got a decaying rune of Zot
 38497 | D:11     | Reached XP level 16. HP: 144/148 MP: 29/29
 38954 | D:11     | Reached skill 5 in Shields
 40021 | D:12     | Noticed Erica
 40028 | D:12     | Defeated Erica
 40226 | D:13     | Reached skill 16 in Polearms
 40361 | D:13     | Noticed Erolcha
 40372 | D:13     | Defeated Erolcha
 40527 | D:13     | Reached skill 1 in Air Magic
 41744 | D:14     | Found Soxeda's Antique Armour Shoppe.
 41763 | D:14     | Bought a pair of ichor-stained gloves for 173 gold pieces
 41767 | D:14     | Identified the +1 pair of gloves "Stryleutt" (You bought it in a shop on level 14 of the Dungeon)
 41770 | D:14     | Bought a polished robe for 159 gold pieces
 41786 | D:14     | Identified the +2 robe of the Ego (You bought it in a shop on level 14 of the Dungeon)
 41805 | D:14     | Bought an embroidered robe for 19 gold pieces
 43511 | D:15     | Entered Level 15 of the Dungeon
 44112 | D:15     | Found a staircase to the Hive.
 45270 | D:16     | Noticed Josephine
 45305 | D:16     | Defeated Josephine
 45694 | D:16     | Found a radiant altar of Vehumet.
 46452 | D:17     | Reached XP level 17. HP: 140/156 MP: 29/29
 46748 | D:17     | Found Ynyv's Antique Armour Shop.
 47237 | D:17     | Found a staircase to the Vaults.
 47504 | Vault:1  | Entered Level 1 of the Vaults
 48178 | Vault:1  | Gained mutation: Your mind is acute (Int +2).
 48706 | Vault:2  | Found Bur Tik's General Store.
 48722 | Vault:2  | Bought a scroll of blinking for 42 gold pieces
 48728 | Vault:2  | Found a white marble altar of Elyvilon.
 48803 | Vault:2  | Found a white marble altar of Elyvilon.
 49736 | Vault:3  | Reached skill 17 in Polearms
 50645 | Lair:1   | Identified an uncursed Blessed Trishula (an uncursed demon trident of piercing blessed by the Shining One)
 51537 | Vault:4  | Found Clenaar's Weapon Boutique.
 51538 | Vault:4  | Noticed Mara
 51563 | Vault:4  | Defeated Mara
 51868 | Vault:4  | Found a staircase to the Crypt.
 51888 | Vault:4  | Reached skill 15 in Dodging
 52006 | Vault:4  | Reached skill 5 in Unarmed Combat
 53014 | Vault:4  | Found a portal to a secret trove of treasure.
 53020 | Vault:4  | You paid a fee of 230gp to a nasty imp.
 53416 | Vault:4  | Reached XP level 18. HP: 95/166 MP: 31/31
 53506 | Vault:4  | Found a staircase to the Hall of Blades.
 53706 | Crypt:1  | Entered Level 1 of the Crypt
 53731 | Crypt:1  | Noticed Frederick
 53761 | Crypt:1  | Defeated Frederick
 54793 | Crypt:2  | Noticed Francis
 54812 | Crypt:2  | Defeated Francis
 55378 | Crypt:2  | Got a shimmering marble ring
 55618 | Crypt:3  | Reached skill 18 in Polearms
 56035 | Crypt:3  | Identified the cursed ring "Strait" (You found it on level 2 of the Crypt)
 56379 | Crypt:3  | Reached XP level 19. HP: 170/174 MP: 32/32
 56884 | Crypt:3  | Found a staircase to the Tomb.
 56892 | Crypt:3  | Noticed a reaper
 56897 | Crypt:3  | Defeated a reaper
 57227 | Crypt:4  | Noticed Khufu
 57248 | Crypt:4  | Defeated Khufu
 58280 | Crypt:4  | Reached skill 5 in Air Magic
 58457 | Crypt:4  | Noticed Boris
 58476 | Crypt:4  | Defeated Boris
 59058 | Crypt:5  | Entered Level 5 of the Crypt
 59190 | Crypt:5  | Reached XP level 20. HP: 167/187 MP: 34/34
 59214 | Crypt:5  | Reached skill 19 in Polearms
 59777 | Crypt:5  | Noticed an ancient lich
 59777 | Crypt:5  | Noticed an ancient lich
 59859 | Crypt:5  | Defeated an ancient lich
 60166 | Crypt:5  | Got a wavering bone amulet
 60168 | Crypt:5  | Identified the amulet of Qudeneuk (You found it on level 5 of the Crypt)
 60447 | Crypt:5  | Reached skill 10 in Shields
 60771 | Crypt:5  | Defeated an ancient lich
 60801 | Crypt:5  | Got a transparent ruby amulet
 60812 | Crypt:5  | Learned a level 1 spell: Apportation
 60842 | Crypt:5  | Identified the amulet "Baigast" (You found it on level 5 of the Crypt)
 61337 | Vault:2  | Bought 2 potions of healing for 56 gold pieces
 61994 | Vault:5  | Noticed a deep elf sorcerer
 61996 | Vault:5  | Noticed a deep elf high priest
 61998 | Vault:5  | Noticed a deep elf high priest
 62021 | Vault:5  | Reached XP level 21. HP: 133/198 MP: 30/35
 62516 | Vault:5  | Defeated a deep elf sorcerer
 62520 | Vault:5  | Defeated a deep elf high priest
 62575 | Vault:5  | Defeated a deep elf high priest
 63524 | Vault:6  | Noticed Frances
 63730 | Vault:5  | Reached skill 20 in Polearms
 64454 | Vault:6  | Noticed Margery
 64481 | Vault:6  | Defeated Margery
 64728 | Vault:6  | Defeated Frances
 64937 | Vault:6  | Noticed Boris
 64956 | Vault:6  | Defeated Boris
 64956 | Vault:6  | Reached XP level 22. HP: 205/205 MP: 34/35
 65232 | Vault:7  | Found a flickering gateway to a bazaar. 65243
                  | bazaar
                  | Entered a bazaar 65402
                  | bazaar
                  | Found Grekka's Magical Wand Shoppe. 65402
                  | bazaar
                  | Found Uqupojae's General Store. 65425
                  | bazaar
                  | Found Qiaxt's General Store. 65526
                  | bazaar
                  | Bought 2 scrolls of recharging for 140 gold pieces 65544
                  | bazaar
                  | Bought a scroll of acquirement for 520 gold pieces 65563
                  | bazaar
                  | Bought an uncursed ring of teleport control for 294 gold pieces
 68400 | Shoals:1 | Entered Level 1 of the Shoals
 68544 | Shoals:1 | Found Setsid's Distillery.
 68604 | Shoals:1 | Bought a potion of healing for 32 gold pieces
 68604 | Shoals:1 | Bought a potion of healing for 32 gold pieces
 68604 | Shoals:1 | Bought a potion of healing for 32 gold pieces
 68605 | Shoals:1 | Bought 2 potions of healing for 64 gold pieces
 69553 | Shoals:2 | Noticed Harold
 69565 | Shoals:2 | Defeated Harold
 69618 | Shoals:2 | Noticed Polyphemus
 69651 | Shoals:2 | Defeated Polyphemus
 71044 | Vault:4  | You paid a toll of 16 potions of healing to enter a treasure trove. 71045
                  | trove
                  | Entered a treasure trove 71081
                  | trove
                  | Got a dazzling leather armour 71089
                  | trove
                  | Identified the cursed -2 leather armour of the Realm of Zot (You found it in a treasure trove)
 71513 | Orc:1    | Entered Level 1 of the Orcish Mines
 71831 | Orc:3    | Found Guawauf's Antique Weapon Boutique.
 71889 | Orc:3    | Found a bloodstained altar of Trog.
 72025 | Orc:4    | Entered Level 4 of the Orcish Mines
 72529 | Orc:3    | Found Qorhituo's Antique Weapon Emporium.
 72570 | Orc:3    | Found Brant's Antique Weapon Boutique.
 72627 | Orc:3    | Found Sucih's General Store.
 72715 | Orc:3    | Found Cras' Antique Armour Emporium.
 72830 | Orc:4    | Found a staircase to the Elven Halls.
 73627 | Orc:1    | Found Crodes' Weapon Shop.
 73793 | Elf:1    | Entered Level 1 of the Elven Halls
 75531 | Elf:2    | Found Nobak's Antique Weapon Boutique.
 75605 | Elf:2    | Reached skill 21 in Polearms
 75785 | Elf:2    | Gained mutation: You heal slowly.
 76188 | Elf:3    | Noticed Louise
 76202 | Elf:3    | Defeated Louise
 76662 | Elf:3    | Reached XP level 23. HP: 199/217 MP: 36/36
 77179 | Elf:3    | Noticed an orc priest
 77183 | Elf:3    | Defeated an orc priest
 77822 | Elf:4    | Found a flickering gateway to a bazaar. 77832
                  | bazaar
                  | Entered a bazaar 77848
                  | bazaar
                  | Found Qisaw's Distillery. 77855
                  | bazaar
                  | Found Acamusagg's Magical Wand Shop. 77876
                  | bazaar
                  | Bought a potion of heal wounds for 33 gold pieces 77876
                  | bazaar
                  | Bought a potion of cure mutation for 165 gold pieces 77889
                  | bazaar
                  | Found Gops' Distillery. 77903
                  | bazaar
                  | Bought a potion of heal wounds for 33 gold pieces 77917
                  | bazaar
                  | Found Yckeg's Magical Wand Shop. 77949
                  | bazaar
                  | Lost mutation: Your mind is acute (Int +2). 77949
                  | bazaar
                  | Lost mutation: You heal slowly. 77949
                  | bazaar
                  | Lost mutation: Your mind is acute (Int +1). 77950
                  | bazaar
                  | Gained mutation: Your mind is acute (Int +1).
 78053 | Elf:4    | Noticed Agnes
 78068 | Elf:4    | Defeated Agnes
 78673 | Elf:5    | Noticed Aizul
 78781 | Elf:5    | Defeated Aizul
 78887 | Elf:5    | Learned a level 2 spell: Blink
 79169 | Elf:5    | Found a gateway to a bazaar.
 80040 | Elf:6    | Found Cras' Armour Shop.
 80204 | Elf:6    | Noticed Wayne
 80233 | Elf:6    | Defeated Wayne
 80541 | Elf:7    | Entered Level 7 of the Elven Halls
 80745 | Elf:7    | Noticed a deep elf master archer
 80948 | Elf:7    | Defeated a deep elf master archer
 81128 | Elf:7    | Noticed a deep elf blademaster
 81153 | Elf:7    | Defeated a deep elf blademaster
 81257 | Elf:7    | Noticed a deep elf blademaster
 81272 | Elf:7    | Gained mutation: You are partially covered in colorless scales (AC +1).
 81592 | Elf:7    | Defeated a deep elf blademaster
 81708 | Elf:7    | Noticed a deep elf master archer
 81718 | Elf:7    | Defeated a deep elf master archer
 81723 | Elf:7    | Noticed a deep elf master archer
 81754 | Elf:7    | Defeated a deep elf master archer
 82124 | Elf:7    | Learned a level 4 spell: Flight
 82131 | Elf:7    | Learned a level 6 spell: Deflect Missiles
 82134 | Elf:7    | Got a sparkling book
 82135 | Elf:7    | Identified the Guide on Changing and Bewitchment (You found it on level 7 of the Elven Halls)
 82265 | Elf:7    | Got a faintly glowing pewter amulet
 82269 | Elf:7    | Identified the amulet of Orthodoxy (You found it on level 7 of the Elven Halls)
 83814 | Shoals:3 | Reached XP level 24. HP: 223/223 MP: 36/36
 84638 | Shoals:5 | Entered Level 5 of the Shoals
 84673 | Shoals:5 | Got a shimmering platinum ring
 84674 | Shoals:5 | Identified the ring of Leruzor (You found it on level 5 of the Shoals)
 84701 | Shoals:5 | Reached skill 22 in Polearms
 84737 | Shoals:5 | Got a barnacled rune of Zot
 84982 | Shoals:5 | Learned a level 4 spell: Selective Amnesia
 85092 | Shoals:5 | Got a pair of dazzling boots
 85096 | Shoals:5 | Identified the +2 pair of boots of Okawaru's Approval (You found it on level 5 of the Shoals)
 85275 | Shoals:5 | Found Ysamituso's General Store.
 85307 | Shoals:5 | Bought a scroll of enchant weapon II for 88 gold pieces
 85362 | Shoals:5 | Noticed Ilsuiw
 85393 | Shoals:5 | Defeated Ilsuiw
 85704 | Shoals:5 | Got a fine turquoise ring
 85705 | Shoals:5 | Identified the ring "Gryis" (You found it on level 5 of the Shoals)
 86372 | D:17     | Noticed a yaktaur captain
 86389 | D:17     | Defeated a yaktaur captain
 86448 | D:18     | Noticed Snorg
 86453 | D:18     | Defeated Snorg
 87606 | D:19     | Found Balung's Distillery.
 88228 | D:19     | Found Balung's Distillery.
 88675 | D:19     | Noticed a fire elemental
 88681 | D:19     | Defeated a fire elemental
 88761 | D:19     | Noticed a fire elemental
 88765 | D:19     | Defeated a fire elemental
 88770 | D:19     | Noticed Azrael
 88781 | D:19     | Defeated Azrael
 88928 | D:19     | Noticed a fire elemental
 88934 | D:19     | Defeated a fire elemental
 89091 | D:20     | Entered Level 20 of the Dungeon
 89378 | D:20     | Found Piafep's Antique Weapon Boutique.
 89884 | D:21     | Found a gateway to Hell.
 90027 | D:21     | Found a flickering gateway to a bazaar. 90033
                  | bazaar
                  | Entered a bazaar 90035
                  | bazaar
                  | Found Ketriega's Distillery. 90038
                  | bazaar
                  | Found Xotteh Emmosk's Weapon Boutique. 90039
                  | bazaar
                  | Found Noshro Khem's Weapon Boutique. 90039
                  | bazaar
                  | Found Hyoxty's Antique Armour Boutique. 90069
                  | bazaar
                  | Bought an embroidered cloak for 44 gold pieces 90077
                  | bazaar
                  | Bought a shiny crested helmet for 110 gold pieces 90085
                  | bazaar
                  | Bought a pair of glowing gloves for 52 gold pieces 90093
                  | bazaar
                  | Bought a glowing robe for 30 gold pieces
 90258 | D:21     | Found Baumoun's Assorted Antiques.
 90276 | D:21     | Found a one-way gate leading to the halls of Pandemonium.
 90366 | D:21     | Reached XP level 25. HP: 171/236 MP: 20/37
 90835 | D:21     | Identified a +2 pair of elven boots of running (You found it on level 21 of the Dungeon)
 90862 | D:21     | Reached skill 23 in Polearms
 91067 | D:21     | Found Uciulas' Armour Emporium.
 92340 | D:23     | Found a flickering gateway to a bazaar. 92367
                  | bazaar
                  | Entered a bazaar 92367
                  | bazaar
                  | Found Mang's Armour Shop. 92367
                  | bazaar
                  | Found Twinlegh's Armour Boutique. 92367
                  | bazaar
                  | Found Braucsue's Weapon Shop. 92386
                  | bazaar
                  | Bought the +4 helmet of Ixeughal {Str+2 Int+3} for 871 gold pieces
 92474 | D:23     | Reached skill 10 in Spellcasting
 92834 | D:23     | Found a one-way gate to the infinite horrors of the Abyss.
 93320 | D:24     | Found Vetoap's Weapon Emporium.
 93452 | D:24     | Found a deep blue altar of Sif Muna.
 93612 | D:25     | Entered Level 25 of the Dungeon
 93667 | D:25     | Found a labyrinth entrance.
 93721 | Lab      | Entered a Labyrinth
 94714 | D:25     | Found a viscous altar of Jiyva.
 94729 | D:25     | Reached skill 24 in Polearms
 94767 | D:25     | Reached XP level 26. HP: 248/248 MP: 38/38
 95687 | D:26     | Noticed Saint Roka
 95703 | D:26     | Defeated Saint Roka
 96031 | D:26     | Noticed a deep elf conjurer
 96036 | D:26     | Defeated a deep elf conjurer
 96978 | D:27     | Entered Level 27 of the Dungeon
 97156 | D:27     | Found a magical portal.
 97169 | WizLab   | Entered Cigotuvi's Fleshworks
 97266 | WizLab   | Gained mutation: Your muscles are flexible, but weak (Str -1, Dex +1).
 97280 | WizLab   | Gained mutation: You are partially covered in colorless scales (AC +1).
 97281 | WizLab   | Gained mutation: You are partially covered in rough black scales (AC +4, Dex -1).
 97282 | WizLab   | Gained mutation: Your vision is a little blurry.
 97524 | WizLab   | Got a conspicuous book
 97525 | WizLab   | Identified Cigotuvi's Reference Book on Transmutation and Stones (You found it in Cigotuvi's Fleshworks)
 97528 | WizLab   | Got a black book
 97529 | WizLab   | Identified Cigotuvi's Guide on Moulding and the Rocks (You found it in Cigotuvi's Fleshworks)
 97532 | WizLab   | Got a colourful book
 97533 | WizLab   | Identified Cigotuvi's Compendium of Dusty Moulding (You found it in Cigotuvi's Fleshworks)
 97564 | WizLab   | Gained mutation: You are weak (Str -1).
 97581 | WizLab   | Got a fine pewter amulet
 97582 | WizLab   | Identified the amulet of the Peasants (You found it in Cigotuvi's Fleshworks)
 97593 | WizLab   | Gained mutation: You are weak (Str -2).
 98393 | D:27     | Reached skill 25 in Polearms
 98505 | D:27     | Gained mutation: Your muscles are very flexible, but weak (Str -2, Dex +2).
 98860 | D:19     | Bought a potion of cure mutation for 225 gold pieces
 98861 | D:19     | Lost mutation: Your muscles are very flexible, but weak (Str -2, Dex +2).
 98861 | D:19     | Lost mutation: Your muscles are flexible, but weak (Str -1, Dex +1).
 98861 | D:19     | Lost mutation: You are weak (Str -2).
 98861 | D:19     | Lost mutation: You are weak (Str -1).
 98862 | D:19     | Bought 2 potions of mutation for 150 gold pieces
 98865 | D:19     | Lost mutation: Your vision is a little blurry.
 98865 | D:19     | Gained mutation: You are frail (-10% HP).
 98865 | D:19     | Gained mutation: Your muscles are strong (Str +1).
 99215 | Vault:7  | Reached skill 1 in Translocations
 99276 | Vault:8  | Entered Level 8 of the Vaults
 99702 | Vault:8  | Noticed a deep elf demonologist
 99708 | Vault:8  | Reached XP level 27. HP: 164/234 MP: 35/38
 99734 | Vault:8  | Reached skill 15 in Shields
 99741 | Vault:8  | Defeated a deep elf demonologist
 99763 | Vault:8  | A draconian shaped shifter changed into a shining eye
 99769 | Vault:8  | A shining eye shaped shifter changed into a merfolk
101098 | Vault:8  | Reached skill 26 in Polearms
101334 | Vault:8  | Got a silver rune of Zot
101397 | Vault:8  | Got a twitching brass ring
101400 | Vault:8  | Identified the cursed ring "Bimuoz" (You found it on level 8 of the Vaults)
101977 | Vault:8  | Noticed a quicksilver dragon
101990 | Vault:8  | Defeated a quicksilver dragon
102352 | Vault:8  | A deep troll changed into a pulsating lump
102357 | Vault:8  | Defeated a pulsating lump shaped shifter
102422 | Vault:8  | Noticed a deep elf death mage
102433 | Vault:8  | Defeated a deep elf death mage
102559 | Vault:8  | Found Cuacy's Antique Armour Shoppe.
102756 | Vault:8  | Learned a level 2 spell: Swiftness
102922 | Vault:8  | Noticed a golden dragon
102937 | Vault:8  | Defeated a golden dragon
103067 | Vault:8  | Reached skill 27 in Polearms
103087 | Vault:8  | Noticed a pulsating lump
103090 | Vault:8  | Noticed a deep elf annihilator
103093 | Vault:8  | Defeated a pulsating lump
103099 | Vault:8  | Defeated a deep elf annihilator
103220 | Vault:8  | Noticed an iron dragon
103241 | Vault:8  | Defeated an iron dragon
103519 | Vault:8  | Found Letoal's Distillery.
103523 | Vault:8  | Bought a potion of heal wounds for 42 gold pieces
104526 | Pan      | Entered Pandemonium
104897 | Pan      | Noticed Mnoleg
104932 | Pan      | Defeated Mnoleg
104996 | Pan      | Gained mutation: Your mind is acute (Int +2).
105088 | Pan      | Got a glowing rune of Zot
106303 | Pan      | Noticed Zusopachun the pandemonium lord
106331 | Pan      | Gained mutation: Armour fits poorly on your unusually shaped body.
106333 | Pan      | Defeated Zusopachun the pandemonium lord
106372 | Pan      | Got a demonic rune of Zot
106404 | Pan      | Gained mutation: You digest meat inefficiently.
106805 | Pan      | Noticed Poacs the pandemonium lord
106826 | Pan      | Defeated Poacs the pandemonium lord
107559 | Pan      | Reached skill 10 in Unarmed Combat
107617 | Pan      | Gained mutation: You are clumsy (Dex -1).
107733 | Pan      | Gained mutation: You tend to lose your temper in combat.
107815 | Pan      | Noticed Lom Lobon
107847 | Pan      | Defeated Lom Lobon
107854 | Pan      | Got a magical rune of Zot
108762 | Pan      | You are cast into the Abyss!
108762 | Pan      | Cast into the Abyss (distortion unwield)
108762 | Abyss    | Entered The Abyss
108919 | Abyss    | Noticed an Angel
109082 | Abyss    | Noticed a wizard
109091 | Abyss    | Defeated a wizard
109238 | Abyss    | Noticed a red devil
109244 | Abyss    | Defeated a red devil
109257 | D:21     | You pass through the gate.
109652 | Vault:8  | Lost mutation: You are clumsy (Dex -1).
109652 | Vault:8  | Lost mutation: You digest meat inefficiently.
109652 | Vault:8  | Lost mutation: You are frail (-10% HP).
109652 | Vault:8  | Lost mutation: Your mind is acute (Int +2).
110036 | Lair:1   | Lost mutation: Your muscles are strong (Str +1).
110036 | Lair:1   | Lost mutation: Your mind is acute (Int +1).
110036 | Lair:1   | Lost mutation: You are partially covered in colorless scales (AC +1).
110036 | Lair:1   | Lost mutation: Armour fits poorly on your unusually shaped body.
110165 | Shoals:1 | Bought a potion of cure mutation for 240 gold pieces
110166 | Shoals:1 | Lost mutation: You tend to lose your temper in combat.
110166 | Shoals:1 | Lost mutation: You are partially covered in colorless scales (AC +1).
110166 | Shoals:1 | Lost mutation: You are partially covered in rough black scales (AC +4, Dex -1).
111074 | Pan      | Noticed Gloorx Vloq
111729 | Pan      | Defeated Gloorx Vloq
111984 | Pan      | Got a dark rune of Zot
112333 | Pan      | Noticed Voun the pandemonium lord
112358 | Pan      | Defeated Voun the pandemonium lord
112432 | Pan      | Got a faintly glowing lead ring
112433 | Pan      | Identified the ring "Qiakhl Ulino" (You found it in Pandemonium)
112788 | Pan      | Got a faintly humming cloak
112792 | Pan      | Identified the cursed -3 cloak "Crichiux" (You found it in Pandemonium)
112954 | Pan      | Noticed Neegoip the pandemonium lord
112977 | Pan      | Defeated Neegoip the pandemonium lord
113189 | Pan      | Got a pair of transparent boots
113193 | Pan      | Identified the +2 pair of boots of the Nightingale (You acquired it in Pandemonium)
113336 | Pan      | Noticed Cerebov
114423 | Pan      | Defeated Cerebov
114506 | Pan      | Got a fiery rune of Zot
114654 | Pan      | You are cast into the Abyss!
114654 | Pan      | Cast into the Abyss (distortion unwield)
114972 | Abyss    | Noticed a death drake
114993 | Abyss    | Defeated a death drake
115107 | Abyss    | Noticed a spectral warrior
115109 | Abyss    | Defeated a spectral warrior
115323 | Abyss    | Noticed a stone golem
115335 | Abyss    | Defeated a stone golem
115819 | Abyss    | Noticed an iron golem
115836 | Abyss    | Defeated an iron golem
115880 | Abyss    | Noticed a yellow draconian simulacrum
116019 | Abyss    | Defeated a yellow draconian simulacrum
116037 | Abyss    | Noticed a hellephant
116059 | Abyss    | Defeated a hellephant
116231 | Abyss    | Noticed a yellow draconian
116245 | Abyss    | Defeated a yellow draconian
116275 | Abyss    | Gained mutation: Your muscles are strong (Str +1).
116341 | Abyss    | Noticed an eye of devastation
116347 | Abyss    | Defeated an eye of devastation
116350 | Abyss    | Noticed an Angel
116504 | Abyss    | Noticed a reaper
116513 | Abyss    | Defeated a reaper
116603 | Abyss    | Gained mutation: Your mind is acute (Int +1).
116729 | Abyss    | Noticed a clay golem
116736 | Abyss    | Defeated a clay golem
116774 | Abyss    | Got an abyssal rune of Zot
117216 | Abyss    | Noticed a phantom
117221 | Abyss    | Defeated a phantom
117456 | Abyss    | Noticed a jelly
117460 | Abyss    | Defeated a jelly
117565 | Abyss    | Noticed a spectral warrior
117575 | Abyss    | Defeated a spectral warrior
117769 | Abyss    | Noticed a naga warrior
117792 | Abyss    | Defeated a naga warrior
117809 | Abyss    | Noticed a naga warrior
117824 | Abyss    | Defeated a naga warrior
118218 | Abyss    | Noticed a purple draconian shifter
118241 | Abyss    | Defeated a purple draconian shifter
118301 | Abyss    | Noticed a shining eye
118320 | D:21     | You pass through the gate.
119091 | Hell     | Entered the Vestibule of Hell
119092 | Hell     | Noticed Geryon
119102 | Hell     | Defeated Geryon
119130 | Hell     | Noticed Pushpabon's ghost
119133 | Hell     | A merfolk shaped shifter changed into a guardian serpent
119136 | Hell     | Defeated a guardian serpent shaped shifter
119146 | Hell     | Defeated Pushpabon's ghost
119231 | Hell     | Found a gateway to the Iron City of Dis.
119291 | Hell     | Found a gateway to the decaying netherworld of Tartarus.
119343 | Hell     | Found a gateway to the freezing wastes of Cocytus.
119395 | Hell     | Found a gateway to Gehenna.
119611 | Dis:1    | Entered Level 1 of the Iron City of Dis
120095 | Dis:5    | Noticed a Fiend
120100 | Dis:5    | Defeated a Fiend
120167 | Dis:7    | Entered Level 7 of the Iron City of Dis
120455 | Dis:7    | Got a wavering iron ring
120458 | Dis:7    | Identified the ring "Foagogac" (You found it on level 7 of the Iron City of Dis)
120469 | Dis:7    | Noticed an iron dragon
120487 | Dis:7    | Defeated an iron dragon
120488 | Dis:7    | Noticed an iron dragon
120492 | Dis:7    | Noticed an iron dragon
120494 | Dis:7    | Defeated an iron dragon
120502 | Dis:7    | Defeated an iron dragon
120590 | Dis:7    | Noticed a Fiend
120604 | Dis:7    | Defeated a Fiend
120679 | Dis:7    | Noticed an iron dragon
120696 | Dis:7    | Defeated an iron dragon
120711 | Dis:7    | Noticed an iron dragon
120719 | Dis:7    | Reached skill 27 in Fighting
120739 | Dis:7    | Defeated an iron dragon
120835 | Dis:7    | Noticed an iron dragon
120854 | Dis:7    | Defeated an iron dragon
120920 | Dis:7    | Noticed Dispater
120965 | Dis:7    | Defeated Dispater
121034 | Dis:7    | Noticed a Fiend
121041 | Dis:7    | Defeated a Fiend
121064 | Dis:7    | Got an iron rune of Zot
121219 | Dis:7    | Noticed a Fiend
121222 | Dis:7    | Defeated a Fiend
121271 | Dis:7    | Got a heavily runed copper ring
121272 | Dis:7    | Identified the ring "Klyutotebo" (You found it on level 7 of the Iron City of Dis)
122674 | Tar:1    | Entered Level 1 of Tartarus
123322 | Tar:7    | Entered Level 7 of Tartarus
123582 | Tar:7    | Noticed Ereshkigal
123583 | Tar:7    | Reached skill 15 in Enchantments
123609 | Tar:7    | Defeated Ereshkigal
123731 | Tar:7    | Learned a level 3 spell: Abjuration
123733 | Tar:7    | Reached skill 1 in Summonings
123752 | Tar:7    | Got a bone rune of Zot
123885 | Geh:1    | Entered Level 1 of Gehenna
123988 | Geh:2    | Noticed a Fiend
123996 | Geh:2    | Defeated a Fiend
124116 | Geh:4    | Noticed a soul eater
124130 | Geh:4    | Defeated a soul eater
124171 | Geh:4    | Noticed a Fiend
124178 | Geh:4    | Defeated a Fiend
124444 | Geh:7    | Entered Level 7 of Gehenna
124538 | Geh:7    | Gained mutation: You tend to lose your temper in combat.
124989 | Lair:1   | Lost mutation: Your mind is acute (Int +1).
125086 | D:13     | Gained mutation: You have a fast metabolism.
125374 | Vault:5  | Gained mutation: You have a pair of small antennae on your head.
125374 | Vault:5  | Lost mutation: You tend to lose your temper in combat.
125963 | Geh:1    | Noticed a Fiend
125969 | Geh:1    | Defeated a Fiend
126480 | Geh:7    | Noticed a Fiend
126488 | Geh:7    | Defeated a Fiend
126580 | Geh:7    | Noticed a Fiend
126588 | Geh:7    | Defeated a Fiend
126615 | Geh:7    | Noticed a Serpent of Hell
126628 | Geh:7    | Defeated a Serpent of Hell
126680 | Geh:7    | Noticed a Fiend
126703 | Geh:7    | Defeated a Fiend
126888 | Geh:7    | Noticed a Fiend
126894 | Geh:7    | Defeated a Fiend
127022 | Geh:7    | Noticed Asmodeus
127026 | Geh:7    | Noticed a Fiend
127029 | Geh:7    | Noticed a Fiend
127029 | Geh:7    | Defeated a Fiend
127036 | Geh:7    | Defeated a Fiend
127058 | Geh:7    | Defeated Asmodeus
127113 | Geh:7    | HP: 4/283 [hellion/burst of hellfire (28)]
127219 | Geh:7    | Got a conspicuous book
127220 | Geh:7    | Identified the Grimoire of Ignition and Confrontation (You found it on level 7 of Gehenna)
127239 | Geh:7    | Got an obsidian rune of Zot
127537 | Coc:1    | Entered Level 1 of Cocytus
127636 | Coc:1    | Reached skill 27 in Dodging
128276 | Coc:7    | Entered Level 7 of Cocytus
129140 | Coc:7    | Noticed Antaeus
129191 | Coc:7    | HP: 11/282 [Antaeus (49)]
129378 | Coc:7    | Got an icy rune of Zot
129937 | D:8      | Bought a scroll of enchant weapon II for 77 gold pieces
129939 | D:8      | Bought a scroll of enchant armour for 67 gold pieces
129939 | D:8      | Bought a scroll of enchant armour for 67 gold pieces
129939 | D:8      | Bought a scroll of remove curse for 42 gold pieces
130399 | Tomb:1   | Entered Level 1 of the Tomb of the Ancients
130488 | Tomb:1   | Reached skill 1 in Invocations
131395 | Tomb:1   | Reached skill 5 in Invocations
132811 | Vault:8  | Bought a potion of healing for 28 gold pieces
132811 | Vault:8  | Bought a potion of healing for 28 gold pieces
132811 | Vault:8  | Bought a potion of healing for 28 gold pieces
132811 | Vault:8  | Bought a potion of restore abilities for 70 gold pieces
133166 | D:19     | Bought 2 potions of heal wounds for 90 gold pieces
133166 | D:19     | Bought 2 potions of healing for 60 gold pieces
133166 | D:19     | Bought a potion of heal wounds for 45 gold pieces
133166 | D:19     | Bought 2 potions of heal wounds for 90 gold pieces
134343 | Tomb:2   | Reached skill 5 in Stabbing
135252 | Tomb:3   | Entered Level 3 of the Tomb of the Ancients
137930 | Tomb:3   | Got a jade ring
137942 | Tomb:3   | Got a warped glass ring
137958 | Tomb:3   | Got a faintly glowing buckler
137968 | Tomb:3   | Identified the +3 buckler "Skizon" (You found it on level 3 of the Tomb of the Ancients)
138090 | Tomb:3   | Got a golden rune of Zot
138193 | Tomb:3   | Got a fine leather armour
138204 | Tomb:3   | Identified the +0 leather armour "Ysothets" (You took it off a greater mummy on level 3 of the Tomb of the Ancients)
138234 | Tomb:3   | Got a twitching platinum ring
140601 | Zot:1    | Entered Level 1 of the Realm of Zot
141184 | D:8      | Bought a scroll of identify for 28 gold pieces
141185 | D:8      | Identified the ring "Ghytric" (You found it on level 3 of the Tomb of the Ancients)
141185 | D:8      | Identified the ring of the Ten Gods (You found it on level 3 of the Tomb of the Ancients)
142933 | Zot:3    | Reached skill 10 in Traps & Doors
143208 | Zot:3    | Identified the ring of Shaolin (You found it on level 3 of the Tomb of the Ancients)
143978 | Zot:5    | Entered Level 5 of the Realm of Zot
144495 | Zot:5    | Noticed an orb of fire
144544 | Zot:5    | Defeated an orb of fire
144556 | Zot:5    | Noticed an orb of fire
144576 | Zot:5    | Defeated an orb of fire
145349 | Zot:1    | Noticed an orb of fire
145380 | Zot:1    | Defeated an orb of fire
145569 | D:25     | Fell from the grace of The Shining One
145569 | D:25     | Was placed under penance by The Shining One
145569 | D:25     | Became a worshipper of Jiyva Jathreise the Shapeless
146269 | Slime:1  | Entered Level 1 of the Pits of Slime
146371 | Slime:6  | Entered Level 6 of the Pits of Slime
146390 | Slime:6  | Noticed the royal jelly
146390 | Slime:6  | Found a viscous altar of Jiyva.
146392 | Slime:6  | Acquired Jiyva's first power
146408 | Slime:6  | Got an antique book
146409 | Slime:6  | Identified the Grimoire of Cold and Dislocation (You found it on level 6 of the Pits of Slime)
146412 | Slime:6  | Acquired Jiyva's second power
146415 | Slime:6  | Gained mutation: You can spit poison.
146415 | Slime:6  | Received a gift from Jiyva
146420 | Slime:6  | Got a slimy rune of Zot
146425 | Slime:6  | Acquired Jiyva's third power
146432 | Slime:6  | Got a twisted shield
146444 | Slime:6  | Identified the +3 shield of the Beekeeper (You acquired it on level 6 of the Pits of Slime)
146446 | Slime:6  | Got a brightly glowing brass ring
146946 | D:13     | Lost mutation: You have a fast metabolism.
147150 | D:19     | Gained mutation: You occasionally spawn a jelly by eating.
147150 | D:19     | Received a gift from Jiyva
147221 | D:20     | Lost mutation: You can spit poison.
147221 | D:20     | Received a gift from Jiyva
147655 | Zot:5    | Got the Orb of Zot
147732 | Zot:4    | Noticed Deown the pandemonium lord
147807 | D:27     | Noticed Bremi the pandemonium lord
147813 | D:27     | Lost mutation: Your muscles are strong (Str +1).
147905 | D:20     | Lost mutation: You occasionally spawn a jelly by eating.
147905 | D:20     | Received a gift from Jiyva
147914 | D:20     | Gained mutation: You are clumsy (Dex -1).
148173 | D:8      | Noticed Cloreria the pandemonium lord
148173 | D:8      | Noticed a lich
148174 | D:8      | Reached skill 5 in Translocations
148175 | D:8      | Noticed a spectral warrior
148175 | D:8      | Noticed a manticore skeleton
148175 | D:8      | Noticed a giant frog zombie
148256 | D:6      | Noticed a lich
148258 | D:6      | Noticed Yzyongot the pandemonium lord
148412 | D:$      | Escaped with the Orb!
